SAA
HELENA GRIZZLIES @ DURHAM RAPIERS
05/03/2020
 
TOP OF THE 1ST
Helena Grizzlies batting - Pitching for Durham Rapiers : LHP Jeremy Petty
Pitching: LHP Jeremy Petty
Batting: RHB Hank Kenney 0-0: Foul Ball, location: 2F
0-1: Ball
1-1: Ball
2-1: Fly out, F7 (Flyball, 7M)
Batting: RHB David Ramírez 0-0: Called Strike
0-1: Foul Ball, location: 2F
0-2: Fly out, F6 (Line Drive, 6)
Batting: LHB José Alonso 0-0: Ball
1-0: Ball
2-0: Ball
3-0: Base on Balls
Batting: LHB Juan González 0-0: Ball
1-0: Called Strike
1-1: Ball
2-1: Ball
3-1: Fly out, F8 (Flyball, 8LXD)
Top of the 1st over - 0 run(s), 0 hit(s), 0 error(s), 1 left on base; Helena 0 - Durham 0
BOTTOM OF THE 1ST
Durham Rapiers batting - Pitching for Helena Grizzlies : LHP Frank Simmons
Pitching: LHP Frank Simmons
Batting: LHB Evan Nelson 0-0: Called Strike
0-1: Ball
1-1: SINGLE (Groundball, 34D)
Batting: RHB Caleb Lee 0-0: Swinging Strike
0-1: SINGLE (Line Drive, 7S)
Evan Nelson to second
Batting: RHB Ignacio Rodríguez 0-0: Foul Ball, location: 2F
0-1: Ball
1-1: Ball
2-1: Foul Ball, location: 2F
2-2: Foul Ball, location: 2F
2-2: Foul Ball, location: 2F
2-2: SINGLE (Line Drive, 56D)
Evan Nelson to third
Caleb Lee to second
Throwing error, E7
Evan Nelson scores
Caleb Lee to third
Ignacio Rodríguez to second
Batting: SHB Omar Gutiérrez 0-0: Ball
1-0: Ground out 1-3 (Groundball, 15S)
Batting: RHB Kevin Sanderson 0-0: Ball
1-0: Fly out, F7 (Flyball, 7LM)
Runner from 3rd tags up, SCORES, no throw
Batting: LHB Mayer Röhricht 0-0: Foul Ball, location: 2F
0-1: Foul Ball, location: 2F
0-2: Ball
Wild Pitch!
Ignacio Rodríguez to third
1-2: Ball
2-2: Foul Ball, location: 2F
2-2: Foul Ball, location: 2F
2-2: SINGLE (Flyball, 78S)
Ignacio Rodríguez scores
Batting: LHB Adrián Franco 0-0: Ball
1-0: Ball
2-0: Ball
3-0: Base on Balls
Mayer Röhricht to second
Batting: LHB Gonzalo Féliz 0-0: Ball
1-0: Called Strike
1-1: SINGLE (Line Drive, 8RS)
Mayer Röhricht to third
Adrián Franco to second
Batting: SHB Juan Blanco 0-0: Foul Ball, location: 2F
0-1: Called Strike
0-2: Ball
1-2: Strikes out looking
Bottom of the 1st over - 3 run(s), 5 hit(s), 1 error(s), 3 left on base; Helena 0 - Durham 3
TOP OF THE 2ND
Helena Grizzlies batting - Pitching for Durham Rapiers : LHP Jeremy Petty
Batting: SHB Bruce Hunt 0-0: Called Strike
0-1: Ball
1-1: Ball
2-1: Called Strike
2-2: Foul Ball, location: 2F
2-2: Ground out 6-3 (Groundball, 6)
Batting: RHB Emílio Ortíz 0-0: Called Strike
0-1: SINGLE (Line Drive, 4MD)
Batting: RHB Joe Chase 0-0: Called Strike
0-1: SINGLE (Line Drive, 78S)
Emílio Ortíz to second
Batting: RHB Matt Williams 0-0: Fly out, F3 (Popup, 3)
Batting: RHB Curt Pope 0-0: Called Strike
0-1: Foul Ball, location: 2F
0-2: Ball
1-2: Strikes out swinging
Top of the 2nd over - 0 run(s), 2 hit(s), 0 error(s), 2 left on base; Helena 0 - Durham 3
BOTTOM OF THE 2ND
Durham Rapiers batting - Pitching for Helena Grizzlies : LHP Frank Simmons
Batting: LHB Evan Nelson 0-0: Ball
1-0: Ball
2-0: Ball
3-0: Base on Balls
Batting: RHB Caleb Lee 0-0: Ball
1-0: Ball
2-0: Ball
3-0: Called Strike
3-1: Base on Balls
Evan Nelson to second
Batting: RHB Ignacio Rodríguez 0-0: Fly out, F6 (Popup, 56D)
Batting: SHB Omar Gutiérrez 0-0: Called Strike
0-1: Ball
1-1: Foul Ball, location: 2F
1-2: Foul Ball, location: 2F
1-2: Foul Ball, location: 2F
1-2: Foul Ball, location: 2F
1-2: 3-RUN HOME RUN (Flyball, 78XD), Distance : 437 ft
Batting: RHB Kevin Sanderson 0-0: Foul Ball, location: 2F
0-1: Foul Ball, location: 2F
0-2: Ball
1-2: Ball
2-2: Ball
3-2: Base on Balls
Batting: LHB Mayer Röhricht 0-0: Ball
1-0: DOUBLE (Flyball, 78XD)
Kevin Sanderson to third
Runner from 3rd tries for Home, SAFE, no throw or cutoff
Batting: LHB Adrián Franco 0-0: Ground out U3 (Groundball, 3S)
Mayer Röhricht to third
Batting: LHB Gonzalo Féliz 0-0: Ball
1-0: Called Strike
1-1: Ball
2-1: Ball
3-1: Base on Balls
Batting: SHB Juan Blanco 0-0: Called Strike
0-1: Ball
1-1: SINGLE (Line Drive, 4M)
Mayer Röhricht scores
Gonzalo Féliz to second
Pitching: RHP Victor Powell
Batting: LHB Evan Nelson 0-0: Ball
1-0: SINGLE (Groundball, 4M) (infield hit)
Gonzalo Féliz to third
Juan Blanco to second
Batting: RHB Caleb Lee 0-0: Ball
1-0: GRAND SLAM HOME RUN (Flyball, 9LD), Distance : 352 ft
Batting: RHB Ignacio Rodríguez 0-0: Ball
1-0: Ball
2-0: Ground out 4-3 (Groundball, 4M)
Bottom of the 2nd over - 9 run(s), 5 hit(s), 0 error(s), 0 left on base; Helena 0 - Durham 12
TOP OF THE 3RD
Helena Grizzlies batting - Pitching for Durham Rapiers : LHP Jeremy Petty
Batting: RHB Hank Kenney 0-0: Ball
1-0: Ball
2-0: Called Strike
2-1: Foul Ball, location: 2F
2-2: Ball
3-2: Base on Balls
Batting: RHB David Ramírez 0-0: Called Strike
0-1: Ball
1-1: Ball
2-1: Swinging Strike
2-2: Strikes out swinging
Batting: LHB José Alonso 0-0: Ball
1-0: Called Strike
Hank Kenney steals 2nd base
1-1: Ball
2-1: 2-RUN HOME RUN (Flyball, 89XD), Distance : 427 ft
Batting: LHB Juan González 0-0: Called Strike
0-1: Ball
1-1: Called Strike
1-2: Strikes out looking
Batting: SHB Bruce Hunt 0-0: Fly out, F8 (Flyball, 8RM)
Top of the 3rd over - 2 run(s), 1 hit(s), 0 error(s), 0 left on base; Helena 2 - Durham 12
BOTTOM OF THE 3RD
Durham Rapiers batting - Pitching for Helena Grizzlies : RHP Victor Powell
Batting: SHB Omar Gutiérrez 0-0: Swinging Strike
0-1: DOUBLE (Line Drive, 4D)
Batting: RHB Kevin Sanderson 0-0: Ball
1-0: Swinging Strike
1-1: Ball
2-1: Foul Ball, location: 2F
2-2: Strikes out swinging
Batting: LHB Mayer Röhricht 0-0: Ball
1-0: Ball
2-0: Swinging Strike
2-1: Called Strike
2-2: Ball
3-2: Strikes out swinging
Batting: LHB Adrián Franco 0-0: Ball
1-0: Fly out, F5 (Popup, 56S)
Bottom of the 3rd over - 0 run(s), 1 hit(s), 0 error(s), 1 left on base; Helena 2 - Durham 12
TOP OF THE 4TH
Helena Grizzlies batting - Pitching for Durham Rapiers : LHP Jeremy Petty
Batting: RHB Emílio Ortíz 0-0: Ball
1-0: Ball
2-0: Ball
3-0: Base on Balls
Batting: RHB Joe Chase 0-0: Called Strike
0-1: Fly out, F7 (Flyball, 7M)
Batting: RHB Matt Williams 0-0: Swinging Strike
0-1: Called Strike
0-2: Strikes out swinging
Batting: RHB Curt Pope 0-0: Ball
1-0: Ball
2-0: Called Strike
2-1: Ball
3-1: Base on Balls
Emílio Ortíz to second
Batting: RHB Hank Kenney 0-0: Called Strike
0-1: Foul Ball, location: 2F
0-2: Strikes out swinging
Top of the 4th over - 0 run(s), 0 hit(s), 0 error(s), 2 left on base; Helena 2 - Durham 12
BOTTOM OF THE 4TH
Durham Rapiers batting - Pitching for Helena Grizzlies : RHP Victor Powell
Batting: LHB Gonzalo Féliz 0-0: SINGLE (Line Drive, 8RS)
Batting: SHB Juan Blanco 0-0: Swinging Strike
Passed Ball!
Gonzalo Féliz to second
0-1: Ball
1-1: Fly out, F9 (Flyball, 89M)
Runner from 2nd tags up, OUT at 3rd
Batting: LHB Evan Nelson 0-0: Fly out, F7 (Flyball, 7M)
Bottom of the 4th over - 0 run(s), 1 hit(s), 0 error(s), 0 left on base; Helena 2 - Durham 12
TOP OF THE 5TH
Helena Grizzlies batting - Pitching for Durham Rapiers : LHP Jeremy Petty
Batting: RHB David Ramírez 0-0: Ball
1-0: Called Strike
1-1: Ball
2-1: Ball
3-1: Base on Balls
Batting: LHB José Alonso 0-0: Grounds into double play, 3-6-1 (Groundball, 3)
Batting: LHB Juan González 0-0: Ball
1-0: Ball
2-0: Ball
3-0: Called Strike
3-1: Base on Balls
Batting: SHB Bruce Hunt 0-0: Fly out, F2 (Popup, 2L)
Top of the 5th over - 0 run(s), 0 hit(s), 0 error(s), 1 left on base; Helena 2 - Durham 12
BOTTOM OF THE 5TH
Durham Rapiers batting - Pitching for Helena Grizzlies : RHP Victor Powell
Batting: RHB Caleb Lee 0-0: Foul Ball, location: 2F
0-1: SINGLE (Line Drive, 56)
Batting: RHB Ignacio Rodríguez 0-0: Ball
1-0: SINGLE (Line Drive, 5D)
Caleb Lee to second
Batting: SHB Omar Gutiérrez 0-0: Ball
1-0: Called Strike
1-1: Ball
2-1: Fly out, F3 (Line Drive, 3D)
2-1: Lined into DP, U3 (Line Drive, 3D)
Batting: RHB Kevin Sanderson 0-0: Called Strike
0-1: Swinging Strike
0-2: Ball
1-2: Ball
2-2: Foul Ball, location: 2F
2-2: SINGLE (Line Drive, 8RS)
Caleb Lee to third
Batting: LHB Mayer Röhricht 0-0: 3-RUN HOME RUN (Flyball, 89XD), Distance : 423 ft
Batting: LHB Adrián Franco 0-0: Called Strike
0-1: SINGLE (Groundball, 34)
Pitching: RHP Norberto Hernández
Batting: LHB Gonzalo Féliz 0-0: Foul Ball, location: 2F
0-1: Swinging Strike
0-2: Foul Ball, location: 2F
0-2: Foul Ball, location: 2F
0-2: Strikes out swinging
Bottom of the 5th over - 3 run(s), 5 hit(s), 0 error(s), 1 left on base; Helena 2 - Durham 15
TOP OF THE 6TH
Helena Grizzlies batting - Pitching for Durham Rapiers : LHP Jeremy Petty
Batting: RHB Emílio Ortíz 0-0: SINGLE (Groundball, 15) (infield hit)
Batting: RHB Joe Chase 0-0: Ball
1-0: Foul Ball, location: 2F
1-1: Foul Ball, location: 2F
1-2: Ball
2-2: Ball
3-2: Base on Balls
Emílio Ortíz to second
Batting: RHB Matt Williams 0-0: Called Strike
0-1: Ball
1-1: Ball
2-1: Fly out, F5 (Popup, 5SF)
Batting: RHB Curt Pope 0-0: Ground out 5-3 (Groundball, 56S)
Emílio Ortíz to third
Joe Chase to second
Batting: RHB Hank Kenney 0-0: Ball
1-0: Ball
2-0: Ball
3-0: Called Strike
3-1: Foul Ball, location: 2F
3-2: Base on Balls
Pitching: RHP Ramón Oliveira
Batting: RHB David Ramírez 0-0: Foul Ball, location: 2F
0-1: Called Strike
0-2: Ball
1-2: Ball
2-2: Fielders Choice at 2nd, U6 (Groundball, 6M)
Top of the 6th over - 0 run(s), 1 hit(s), 0 error(s), 3 left on base; Helena 2 - Durham 15
BOTTOM OF THE 6TH
Durham Rapiers batting - Pitching for Helena Grizzlies : RHP Norberto Hernández
Batting: SHB Juan Blanco 0-0: Ball
1-0: Ball
2-0: Fly out, F6 (Popup, 6MS)
Batting: LHB Evan Nelson 0-0: Called Strike
0-1: Called Strike
0-2: SINGLE (Groundball, 4M)
Batting: RHB Caleb Lee 0-0: Ball
1-0: Ball
2-0: 2-RUN HOME RUN (Line Drive, 9LD), Distance : 364 ft
Pinch Hitting: LHB Scott Martin 0-0: Ball
1-0: Foul Ball, location: 2F
1-1: Foul Ball, location: 2F
1-2: Foul Ball, location: 2F
1-2: Foul Ball, location: 2F
1-2: Strikes out swinging
Batting: SHB Omar Gutiérrez 0-0: Ball
1-0: Swinging Strike
1-1: Swinging Strike
1-2: Foul Ball, location: 2F
1-2: Strikes out swinging
Bottom of the 6th over - 2 run(s), 2 hit(s), 0 error(s), 0 left on base; Helena 2 - Durham 17
TOP OF THE 7TH
Helena Grizzlies batting - Pitching for Durham Rapiers : RHP Ramón Oliveira
Now at 1B: Scott Martin
Batting: LHB José Alonso 0-0: Called Strike
0-1: SOLO HOME RUN (Line Drive, 89XD), Distance : 434 ft
Batting: LHB Juan González 0-0: Called Strike
0-1: Foul Ball, location: 2F
0-2: Ball
1-2: Ball
2-2: Fly out, F8 (Popup, 6D)
Batting: SHB Bruce Hunt 0-0: SOLO HOME RUN (Flyball, 9D), Distance : 389 ft
Batting: RHB Emílio Ortíz 0-0: Ball
1-0: Called Strike
1-1: Ground out 4-3 (Groundball, 4)
Batting: RHB Joe Chase 0-0: Called Strike
0-1: SINGLE (Line Drive, 7LM)
Batting: RHB Matt Williams 0-0: Ball
1-0: Called Strike
1-1: Foul Ball, location: 2F
1-2: Fielders Choice at 2nd, 6-4 (Groundball, 6)
Top of the 7th over - 2 run(s), 3 hit(s), 0 error(s), 0 left on base; Helena 4 - Durham 17
BOTTOM OF THE 7TH
Durham Rapiers batting - Pitching for Helena Grizzlies : RHP Norberto Hernández
Batting: RHB Kevin Sanderson 0-0: Called Strike
0-1: Swinging Strike
0-2: Ball
1-2: Ball
2-2: Foul Ball, location: 2F
2-2: Ball
3-2: Foul Ball, location: 2F
3-2: Base on Balls
Batting: LHB Mayer Röhricht 0-0: Ball
1-0: Ball
2-0: DOUBLE (Line Drive, 5D)
Kevin Sanderson to third
Batting: LHB Adrián Franco 0-0: Ball
1-0: Called Strike
1-1: Ball
2-1: Called Strike
2-2: Strikes out swinging
Batting: LHB Gonzalo Féliz 0-0: Fly out, F9 (Flyball, 9M)
Batting: SHB Juan Blanco 0-0: Ball
1-0: Ball
2-0: Ball
3-0: Base on Balls
Batting: LHB Evan Nelson 0-0: Ball
1-0: Foul Ball, location: 2F
1-1: Ball
2-1: Ball
3-1: Base on Balls
Kevin Sanderson scores
Mayer Röhricht to third
Juan Blanco to second
Pitching: RHP Luis Fernández
Batting: RHB Caleb Lee 0-0: Ball
1-0: Ball
2-0: Ball
3-0: Base on Balls
Mayer Röhricht scores
Juan Blanco to third
Evan Nelson to second
Batting: LHB Scott Martin 0-0: Called Strike
0-1: Ball
1-1: Swinging Strike
1-2: Foul Ball, location: 2F
1-2: Foul Ball, location: 2F
1-2: Strikes out swinging
Bottom of the 7th over - 2 run(s), 1 hit(s), 0 error(s), 3 left on base; Helena 4 - Durham 19
TOP OF THE 8TH
Helena Grizzlies batting - Pitching for Durham Rapiers : RHP Ramón Oliveira
Now at 3B: Miguel Castillo
Batting: RHB Curt Pope 0-0: Ball
1-0: Called Strike
1-1: Fly out, F7 (Line Drive, 7S)
Batting: RHB Hank Kenney 0-0: DOUBLE (Line Drive, 78M)
Batting: RHB David Ramírez 0-0: Called Strike
0-1: Called Strike
0-2: Strikes out swinging
Batting: LHB José Alonso 0-0: Called Strike
0-1: Ball
1-1: Ball
2-1: Called Strike
2-2: Ball
3-2: Base on Balls
Batting: LHB Juan González 0-0: Ball
1-0: Ball
2-0: Foul Ball, location: 2F
2-1: Swinging Strike
2-2: SINGLE (Line Drive, 9S)
Hank Kenney to third
José Alonso to second
Runner from 3rd tries for Home, SAFE, no throw or cutoff
Batting: SHB Bruce Hunt 0-0: Ball
1-0: Fly out, F8 (Line Drive, 8LS)
Top of the 8th over - 1 run(s), 2 hit(s), 0 error(s), 2 left on base; Helena 5 - Durham 19
BOTTOM OF THE 8TH
Durham Rapiers batting - Pitching for Helena Grizzlies : RHP Luis Fernández
Batting: SHB Omar Gutiérrez 0-0: Ball
1-0: Ball
2-0: Ball
3-0: Called Strike
3-1: Base on Balls
Batting: RHB Kevin Sanderson 0-0: Ball
1-0: Fly out, F8 (Flyball, 8LM)
Batting: LHB Mayer Röhricht 0-0: Grounds into double play, 4-6-3 (Groundball, 4)
Bottom of the 8th over - 0 run(s), 0 hit(s), 0 error(s), 0 left on base; Helena 5 - Durham 19
TOP OF THE 9TH
Helena Grizzlies batting - Pitching for Durham Rapiers : RHP Ramón Oliveira
Now at 2B: Tim Love
Batting: RHB Emílio Ortíz 0-0: Ball
1-0: Called Strike
1-1: Foul Ball, location: 2F
1-2: Ground out 5-3 (Groundball, 56)
Batting: RHB Joe Chase 0-0: Called Strike
0-1: Ball
1-1: Ball
2-1: Ball
3-1: Base on Balls
Batting: RHB Matt Williams 0-0: Ground out 5-3 (Groundball, 56S)
Joe Chase to second
Batting: RHB Curt Pope 0-0: Called Strike
0-1: Foul Ball, location: 2F
0-2: Ball
1-2: Fly out, F9 (Flyball, 89M)
Top of the 9th over - 0 run(s), 0 hit(s), 0 error(s), 1 left on base; Helena 5 - Durham 19
This league is powered by Out of the Park Baseball, the baseball management simulation game for PC, Mac and Linux
Friday, October 23rd, 2015 - OOTP Baseball 16.9 Build 39